Map: Abyssal Reef LE

Players

IIIIIIIIIIII - Winner!

  • Race: Protoss Protoss
  • League: Diamond
  • Spawn Location: 11:00

Dessa

  • Race: Zerg Zerg
  • League: Diamond
  • Spawn Location: 5:00

VOD

Have the link to the VOD?

Description

Time

  • Played on: Dec. 10, 2017, 6:25 a.m.
  • Length: 3:52
Show
View Real Time Build Order
Export as new Build Order

IIIIIIIIIIII Protoss - Winner!

Build Orders:  

Get SALT Encoding   

  12  0:01  Probe  
  13  0:13  Probe  
  14  0:25  Probe  
  15  0:48  Pylon  
  15  1:06  Probe  
  15  1:09  Gateway  
  15  1:10  Gateway  
  16  1:17  Gateway x2  
  16  1:20  Probe  
  17  1:35  Probe, Pylon  
  18  1:59  Zealot (Chrono Boost)  
  22  2:04  Zealot x2 (Chrono Boost)  
  22  2:07  Zealot (Chrono Boost)  
  26  2:17  Zealot (Chrono Boost)  
  26  2:22  Zealot  
  30  2:35  Pylon  
  30  2:53  Zealot x4  
  34  3:20  Zealot x2  
  36  3:36  Pylon  
Show
View Real Time Build Order
Export as new Build Order

Dessa Zerg 

Build Orders: Hatch First 

Get SALT Encoding   

  12  0:01  Drone  
  13  0:13  Overlord  
  13  0:17  Drone  
  14  0:31  Drone x2  
  16  0:52  Drone, Hatchery  
  16  0:56  Drone  
  17  1:11  Spawning Pool  
  17  1:14  Drone  
  17  1:17  Extractor  
  16  1:19  Drone  
  16  1:22  Drone  
  18  1:30  Overlord  
  18  1:40  Drone  
  19  1:51  Drone  
  20  1:58  Queen  
  22  2:04  Queen  
  22  2:06  Drone, Zergling x2  
  26  2:15  Drone  
  26  2:16  Drone  
  26  2:22  Metabolic Boost  
  28  2:29  Drone  
  29  2:30  Drone  
  30  2:40  Queen  
  32  2:44  Spine Crawler  
  32  2:46  Zergling x2  
  32  2:47  Zergling x2  
  32  2:54  Zergling x2  
  32  2:55  Zergling x4  
  26  3:03  Zergling x2  
  25  3:10  Spine Crawler  
  17  3:28  Spine Crawler  
  17  3:29  Zergling x4  
Tags
 
Matchup
PvZ
Replay Pack
2017S4
Spawn Locations
Cross Positions
Add a new tag
Caveats
  • Supply blocks, unpowered buildings, or Contaminate may cause inaccurate times.
  • Supply counts are checked every 10 seconds.